 Dungeon Crawl Stone Soup version 0.25-a0-578-gc91f01c39c (webtiles) character file.

Game seed: 4022115929178124828, levelgen mode: deterministic

19771 Lugonue the Thaumaturge (level 12, 0/73 HPs)
             Began as an Octopode Venom Mage on Mar 3, 2020.
             Was a High Priest of Cheibriados.
             Slain by an eight-headed hydra (9 damage)
             ... on level 2 of the Lair of Beasts.
             The game lasted 00:44:01 (14424 turns).

Lugonue the Thaumaturge (Octopode Venom Mage)      Turns: 14424, Time: 00:44:01

Health: 0/73       AC:  2    Str: 20    XL:     12   Next: 72%
Magic:  28/28      EV: 20    Int: 42    God:    Cheibriados [*****.]
Gold:   702        SH:  0    Dex: 24    Spells: 9/36 levels left

rFire    . . .     SeeInvis .   g - +8 whip of Dissolution {elec, rC+ Int+8 Stlth-}
rCold    + . .     Gourm    .   (no shield)
rNeg     . . .     Faith    .   i - +1 hat {MR+}
rPois    .         Spirit   .   (no amulet)
rElec    .         Reflect  .   x - ring of stealth
rCorr    +         Harm     .   p - +3 ring of evasion
MR       +....                  s - ring of resist corrosion
Stlth    ++++++....             (no ring)
HPRegen  0.22/turn              (no ring)
MPRegen  0.21/turn              (no ring)
                                (no ring)
                                (no ring)

@: about to teleport, very slow
A: almost no armour, stealthy swim, amphibious, 8 rings, constrict 8, tentacle
spike 1, camouflage 1, wild magic 1, gelatinous body 1, MP-powered wands
a: Bend Time, Temporal Distortion, Slouch, Step From Time, Renounce Religion


You were on level 2 of the Lair of Beasts.
You worshipped Cheibriados.
Cheibriados was extremely pleased with you.
You were very hungry.

You visited 3 branches of the dungeon, and saw 14 of its levels.
You also visited: Sewer.

You collected 702 gold pieces.

Inventory:

Hand Weapons
 f - a +3 dagger of freezing
 g - the +8 whip of Dissolution (weapon) {elec, rC+ Int+8 Stlth-}
   (You took it off a wight on level 10 of the Dungeon)

   Occasionally, upon striking a foe, it will discharge some electrical energy
   and cause terrible harm.
   It affects your intelligence (+8).
   It protects you from cold.
   It makes you less stealthy.
Missiles
 q - a throwing net (quivered)
Armour
 i - a +1 hat of magic resistance (worn)
Jewellery
 p - a +3 ring of evasion (right tentacle)
 s - a ring of resist corrosion (on tentacle)
 x - a ring of stealth (left tentacle)
 y - an uncursed ring of fire {unknown}
Wands
 n - a wand of disintegration (14)
 t - a wand of digging (6)
 w - a wand of acid (10)
Scrolls
 a - 2 scrolls of teleportation
 e - 3 scrolls of remove curse
 j - 4 scrolls of magic mapping
 m - a scroll of identify
 r - 2 scrolls of fog
 u - a scroll of brand weapon
Potions
 c - a potion of ambrosia
 d - 4 potions of stabbing
 h - 2 potions of magic
 k - 2 potions of curing
 l - 2 potions of brilliance
 o - 2 potions of lignification
 v - a potion of might
Comestibles
 b - 18 rations


   Skills:
 + Level 3.6 Fighting
 + Level 3.9 Short Blades
 + Level 1.9 Maces & Flails
 + Level 4.8 Dodging
 + Level 9.0 Stealth
 - Level 0.4 Unarmed Combat
 * Level 12.6 Spellcasting
 + Level 2.5 Conjurations
 + Level 4.9 Transmutations
 + Level 3.9 Fire Magic
 + Level 5.8 Air Magic
 - Level 10.1 Poison Magic


You had 9 spell levels left.
You knew the following spells:

 Your Spells              Type           Power        Failure   Level  Hunger
a - Sting                 Tmut/Pois      ####         1%          1    None
b - Poisonous Vapours     Pois/Air       ######       1%          2    None
c - Olgreb's Toxic Radia  Pois           #######.     1%          4    None
d - Ignite Poison         Fire/Tmut/Pois #######.     1%          3    None
e - Mephitic Cloud        Conj/Pois/Air  #######.     1%          3    None
f - Tukima's Dance        Hex            ####....     6%          3    None
g - Statue Form           Tmut/Erth      ######...    63%         6    #......
h - Irradiate             Conj/Tmut      ######....   11%         5    None

Your spell library contained the following spells:

 Spells                   Type           Power        Failure   Level  Hunger
 Corona                   Hex            ####...      2%          1    None
 Ensorcelled Hibernation  Hex/Ice        ####..       3%          2    None
 Dazzling Flash           Conj/Hex       #####.       4%          3    None
 Confusing Touch          Hex            ####....     6%          3    None
 Hydra Form               Tmut           ######....   32%         6    #......
 Dragon Form              Tmut           ######....   85%         7    ####...


Dungeon Overview and Level Annotations

Branches:
Dungeon (11/15)            Temple (1/1) D:4            Lair (2/6) D:10
  Sewer (visited)
  Swamp: Lair:2-4    Shoals: Lair:2-4     Snake: Lair:2-4    Spider: Lair:2-4
    Orc: D:9-12

Altars:
Ashenzari
Cheibriados
Dithmenos
Elyvilon
Fedhas
Gozag
Hepliaklqana
Kikubaaqudgha
Makhleb
Nemelex Xobeh
Okawaru
Qazlal
Ru
Sif Muna
Trog
Uskayaw
Vehumet
Wu Jian
Xom
Yredelemnul
Zin
The Shining One

Annotations:
D:3 exclusion: oklob plant


Innate Abilities, Weirdness & Mutations

You cannot wear most types of armour.
You are very stealthy in the water. (Stealth+)
You are amphibious.
You can wear up to eight rings at the same time.
You can use your tentacles to constrict eight enemies at once.
Your skin changes colour to match your surroundings (Stealth+).
Your rubbery body absorbs attacks. (AC +1, EV +1)
One of your tentacles bears a spike.
Your spells are a little harder to cast, but a little more powerful.
You expend magic power (3 MP) to strengthen your wands.


Message History

The helpless eight-headed hydra fails to defend itself.
You whack the eight-headed hydra!
You pierce the eight-headed hydra.
The eight-headed hydra is moderately wounded.
The eight-headed hydra bites you! The eight-headed hydra misses you.
The eight-headed hydra bites you!
The eight-headed hydra completely misses you. x2
The eight-headed hydra bites you!
The eight-headed hydra completely misses you.
The eight-headed hydra closely misses you.
As you read the scroll of teleportation, it crumbles to dust.
You feel strangely unstable.
The eight-headed hydra completely misses you.
The eight-headed hydra bites you!
The eight-headed hydra completely misses you.
The eight-headed hydra bites you!
* * * LOW HITPOINT WARNING * * *
The eight-headed hydra misses you. The eight-headed hydra bites you!
* * * LOW HITPOINT WARNING * * *
The eight-headed hydra misses you. The eight-headed hydra bites you!
You die...

##### ###..#.##
##.....$... #######
#.#........
####..#..#####........?.
............##.........(
...........P#...........
#..........##..#@.......
#..........'..##D.......
#..........#P#..........
#..........####.........
##.#.....### ##..P..##.
#####....## ###..##
..........# .P#
..........#


PP# .......<..# You could see an eight-headed hydra.

Vanquished Creatures
  Gastronok (D:11)
  Fannar (D:11)
  2 hydras
  2 two-headed ogres
  A death yak (D:10)
  An unseen horror (D:10)
  A deep elf mage (D:11)
  An elephant (D:10)
  2 komodo dragons
  A hornet (D:9)
  A merfolk (D:11)
  2 trolls
  Grinder (D:6)
  7 hippogriffs
  A wraith (D:7)
  A shadow (D:10)
  2 basilisks
  A human (D:11)
  10 yaks
  Eustachio (D:4)
  A hungry ghost (D:10)
  Grum (D:11)
  Edmund (D:4)
  A porcupine (Lair:1)
  3 orc warriors
  An eye of draining (D:8)
  3 phantoms
  4 black bears
  3 necrophages
  5 sky beasts
  3 ogres
  2 wolves (D:11)
  6 centaurs
  4 crocodiles
  2 big kobolds
  9 bullfrogs
  5 scorpions
  4 killer bees (D:10)
  16 wights
  13 howler monkeys
  A centaur zombie (D:10)
  9 crimson imps
  A bullfrog zombie (D:8)
  2 quasits
  8 hounds
  2 bullfrog skeletons
  3 centaur skeletons
  5 orc priests
  7 jellies
  Crazy Yiuf (D:2)
  4 iguanas
  6 orc wizards
  Ijyb (D:4)
  Natasha (thrice) (D:4)
  13 worker ants
  2 hound skeletons (D:11)
  A worker ant zombie (D:6)
  12 adders
  6 gnolls
  An ooze (D:2)
  4 worms
  A dart slug (D:2)
  6 leopard geckos
  32 orcs
  A ball python (D:1)
  5 giant cockroaches
  7 goblins
  2 hobgoblins (D:1)
  13 jackals
  5 quokkas
  6 bats
  5 frilled lizards
  18 kobolds
  A leopard gecko skeleton (D:8)
  12 rats
333 creatures vanquished.

Vanquished Creatures (others)
  A fungus (D:10)
  5 plants (D:10)
6 creatures vanquished.

Grand Total: 339 creatures vanquished

Notes
Turn   | Place    | Note
-------+----------+-------------------------------------------
     0 | D:1      | Lugonue the Octopode Venom Mage began the quest for the
                  | Orb.
     0 | D:1      | Reached XP level 1. HP: 11/11 MP: 3/3
   549 | D:1      | Reached XP level 2. HP: 17/17 MP: 1/5
   773 | D:1      | Learned a level 2 spell: Poisonous Vapours
  1316 | D:1      | Reached XP level 3. HP: 13/21 MP: 3/6
  1345 | D:1      | HP: 1/21 [poisoned by a goblin]
  2934 | D:2      | Found a runed translucent door.
  2935 | D:2      | Noticed Crazy Yiuf
  2948 | D:2      | Learned a level 3 spell: Mephitic Cloud
  2954 | D:2      | Killed Crazy Yiuf
  2954 | D:2      | Reached XP level 4. HP: 22/27 MP: 4/7
  3440 | D:3      | Found an ornate altar of the Wu Jian Council.
  3442 | D:3      | Found an iron altar of Okawaru.
  3581 | D:3      | Reached skill level 3 in Spellcasting
  3581 | D:3      | Reached XP level 5. HP: 32/32 MP: 1/9
  3773 | D:3      | Found a glowing drain.
  3794 | Sewer    | Entered a sewer
  3907 | Sewer    | Noticed a crocodile
  3921 | Sewer    | Learned a level 3 spell: Ignite Poison
  3963 | Sewer    | Killed a crocodile
  3963 | Sewer    | Reached skill level 1 in Short Blades
  3963 | Sewer    | Reached skill level 1 in Air Magic
  3963 | Sewer    | Reached skill level 5 in Poison Magic
  4165 | D:3      | Found a blossoming altar of Fedhas.
  4191 | D:3      | Noticed an oklob plant
  4274 | D:4      | Reached XP level 6. HP: 37/37 MP: 1/11
  4349 | D:4      | Noticed Edmund
  4357 | D:4      | Noticed a phantom
  4379 | D:4      | Learned a level 2 spell: Ensorcelled Hibernation
  4408 | D:4      | Killed a phantom
  4408 | D:4      | Reached skill level 1 in Fighting
  4548 | D:4      | Killed Edmund
  4548 | D:4      | Reached skill level 4 in Spellcasting
  4548 | D:4      | Reached XP level 7. HP: 42/43 MP: 3/13
  4760 | D:4      | Found a staircase to the Ecumenical Temple.
  4776 | Temple   | Entered the Ecumenical Temple
  4925 | D:4      | Noticed Ijyb
  4933 | D:4      | Killed Ijyb
  4962 | D:4      | Reached skill level 5 in Spellcasting
  5023 | D:4      | Noticed Natasha
  5024 | D:4      | Noticed Eustachio
  5026 | D:4      | Killed Natasha
  5032 | D:4      | Killed Eustachio
  5032 | D:4      | Reached XP level 8. HP: 48/48 MP: 2/16
  5113 | D:4      | Noticed Natasha
  5117 | D:4      | Killed Natasha
  5226 | D:4      | Noticed Natasha
  5229 | D:4      | Killed Natasha
  5260 | D:5      | Entered Level 5 of the Dungeon
  5586 | D:5      | Reached skill level 5 in Stealth
  5942 | D:6      | Found an ancient bone altar of Kikubaaqudgha.
  5977 | D:6      | Found a radiant altar of Vehumet.
  6107 | D:6      | Reached skill level 6 in Spellcasting
  6416 | D:6      | Reached XP level 9. HP: 54/54 MP: 8/18
  6476 | D:6      | Learned a level 4 spell: Olgreb's Toxic Radiance
  6700 | D:6      | Noticed Grinder
  6707 | D:6      | Paralysed by Grinder for 3 turns
  6711 | D:6      | Killed Grinder
  6740 | D:7      | Reached skill level 1 in Fire Magic
  6804 | D:7      | Found an opulent altar of Gozag.
  6804 | D:7      | Found a sacrificial altar of Ru.
  6805 | D:7      | Found a stormy altar of Qazlal.
  7085 | D:7      | Found a burning altar of Makhleb.
  7212 | D:7      | Reached skill level 7 in Spellcasting
  7421 | D:7      | Found a shimmering blue altar of Sif Muna.
  7682 | D:8      | Noticed a two-headed ogre
  7687 | D:8      | Killed a two-headed ogre
  7687 | D:8      | Reached skill level 8 in Spellcasting
  7687 | D:8      | Reached skill level 1 in Conjurations
  7687 | D:8      | Reached XP level 10. HP: 60/60 MP: 9/22
  8044 | D:8      | HP: 3/60 [bullfrog (7)]
  8452 | D:8      | Found a hazy altar of Hepliaklqana.
  8839 | D:8      | Found a hide-covered altar of Uskayaw.
  8987 | D:8      | Found a snail-covered altar of Cheibriados.
  9046 | D:8      | Became a worshipper of Cheibriados the Contemplative
  9088 | D:9      | Noticed a two-headed ogre
  9092 | D:9      | Reached skill level 9 in Spellcasting
  9095 | D:9      | Killed a two-headed ogre
  9095 | D:9      | Reached skill level 5 in Air Magic
  9158 | D:9      | Reached * piety under Cheibriados
  9177 | D:9      | Reached XP level 11. HP: 27/67 MP: 2/24
  9746 | D:9      | Reached ** piety under Cheibriados
 10169 | D:10     | Entered Level 10 of the Dungeon
 10171 | D:10     | Reached skill level 10 in Spellcasting
 10408 | D:10     | Noticed a death yak
 10717 | D:10     | HP: 1/67 [elephant (9)]
 11043 | D:10     | Learned a level 3 spell: Tukima's Dance
 11119 | D:10     | Found a staircase to the Lair.
 11174 | D:10     | Reached *** piety under Cheibriados
 11377 | D:10     | HP: 1/67 [something (11)]
 11409 | D:10     | Killed an unseen horror
 11762 | D:10     | Identified the +8 whip of Dissolution {elec, rC+ Int+8
                  | Stlth-}
 11785 | D:10     | Reached **** piety under Cheibriados
 12110 | D:10     | Killed a death yak
 12341 | D:11     | Noticed Gastronok
 12350 | D:11     | Killed Gastronok
 12350 | D:11     | Reached skill level 11 in Spellcasting
 12350 | D:11     | Reached skill level 10 in Poison Magic
 12476 | D:11     | Noticed a deep elf mage
 12483 | D:11     | Killed a deep elf mage
 12483 | D:11     | Reached XP level 12. HP: 61/72 MP: 18/27
 12590 | D:11     | Noticed a five-headed hydra
 12598 | D:11     | Killed a five-headed hydra
 12712 | D:11     | Noticed Grum
 12719 | D:11     | Killed Grum
 12854 | D:11     | Learned a level 6 spell: Statue Form
 12901 | D:11     | Noticed a seven-headed hydra
 12912 | D:11     | Learned a level 5 spell: Irradiate
 12920 | D:11     | Gained mutation: You are dopey. (Int -2) [potion of
                  | mutation]
 12920 | D:11     | Gained mutation: You expend magic power (3 MP) to
                  | strengthen your wands. [potion of mutation]
 12965 | D:11     | Noticed Fannar
 12974 | D:11     | Killed Fannar
 13149 | D:11     | Reached ***** piety under Cheibriados
 13186 | D:11     | Reached skill level 12 in Spellcasting
 13187 | D:11     | Reached skill level 1 in Maces & Flails
 13212 | Lair:1   | Entered Level 1 of the Lair of Beasts
 13345 | Lair:1   | Noticed a five-headed hydra
 13349 | Lair:1   | Killed a five-headed hydra
 14112 | Lair:1   | Lost mutation: You are dopey. (Int -2) [potion of mutation]
 14112 | Lair:1   | Lost mutation: You expend magic power (3 MP) to strengthen
                  | your wands. [potion of mutation]
 14112 | Lair:1   | Gained mutation: Your spells are a little harder to cast,
                  | but a little more powerful. [potion of mutation]
 14112 | Lair:1   | Gained mutation: You expend magic power (3 MP) to
                  | strengthen your wands. [potion of mutation]
 14112 | Lair:1   | Gained mutation: One of your tentacles bears a spike.
                  | [potion of mutation]
 14420 | Lair:2   | Noticed an eight-headed hydra
 14424 | Lair:2   | Slain by an eight-headed hydra

Levels and vault maps discovered:
D:1:      onia_arrival_handbag, layout_basic, minmay_tetromino_l2
D:2:      layout_basic, first_ration, uniq_crazy_yiuf_cottage
D:3:      layout_rooms, tgw_fedhas, chequers_temple_overflow_statue_of_worship,
          cheibrodos_sewer_entry_bend
D:4:      layout_cave_pools, minmay_temple_entry_stoned_glass, uniq_edmund,
          uniq_eustachio, uniq_ijyb, uniq_natasha
D:5:      layout_loops_ring
D:6:      layout_loops_ring, kennysheep_little_box, vehumet_crystals,
          uniq_grinder
D:7:      kennysheep_big_flooded_room, layout_loops_cross,
          nicolae_overflow_crystal_walls, nicolae_overflow_quartered_altars,
          grunt_qazlal_sundering, uniq_harold
D:8:      layout_gridville, cheibrodos_worm_habitat, overflow_temple_1_default,
          eat_drink_and_be_merry_uskayaw
D:9:      layout_rooms
D:10:     layout_loops_corners, david_lair_generic
D:11:     layout_basic, hangedman_stone_soup, uniq_fannar, uniq_gastronok,
          uniq_grum
Temple:   compressed_dpeg_triangle_lava_temple
Lair:1:   layout_gridlike, grunt_megastairs_2, infiniplex_staircase_pool_2
Lair:2:   layout_roguey, special_room, grunt_megastairs_5

Skill      XL: |  1  2  3  4  5  6  7  8  9 10 11 12 |
---------------+-------------------------------------+-----
Poison Magic   | 4 5 6 8 9 10 | 10.1
Stealth        | 3 4 6 7 8 9 |  9.0
Spellcasting   | 3 4 5 6 8 9 11 12 | 12.6
Short Blades   | 1 2 3 |  3.9
Air Magic      | 1 2 3 4 5 |  5.8
Fighting       | 1 3 |  3.6
Dodging        | 3 4 |  4.8
Transmutations | 2 3 4 |  4.9
Fire Magic     | 2 3 |  3.9
Conjurations   | 1 2 |  2.5
Maces & Flails | 1 |  1.9
Unarmed Combat | |  0.4

Action                   |  1- 3 |  4- 6 |  7- 9 | 10-12 || total
-------------------------+-------+-------+-------+-------++-------
Melee: Unarmed           |    32 |       |       |       ||    32
       Constrict         |    14 |    15 |    24 |    49 ||   102
       Tentacles         |     5 |     9 |    17 |    61 ||    92
       Dagger            |    17 |    52 |   103 |   186 ||   358
       Whip              |       |       |       |    64 ||    64
       Punch             |       |       |       |     2 ||     2
       Kick              |       |       |       |     1 ||     1
 Cast: Sting             |    15 |     2 |     5 |     8 ||    30
       Poisonous Vapours |    18 |    18 |    58 |    79 ||   173
       Ignite Poison     |       |     3 |    12 |    59 ||    74
       Mephitic Cloud    |       |     2 |     4 |    30 ||    36
       Olgreb's Toxic Ra |       |       |       |    33 ||    33
       Irradiate         |       |       |       |     4 ||     4
Evoke: Wand              |       |       |       |     1 ||     1
  Use: Potion            |     1 |       |       |    10 ||    11
       Scroll            |     5 |     2 |     1 |    23 ||    31
 Stab: Sleeping          |     5 |     4 |    23 |     5 ||    37
       Distracted        |       |       |       |     1 ||     1
  Eat: Chunk             |     3 |     7 |     6 |     4 ||    20
       Ration            |     1 |       |     1 |     3 ||     5
Armor: Skin              |    13 |     2 |     2 |    11 ||    28
Dodge: Dodged            |    28 |    25 |    53 |   232 ||   338

Table legend:
 A = Non-vault XP
 B = Vault XP
 C = Vault XP percentage of total XP
 D = Non-vault monster count
 E = Vault monster count
 F = Vault count percentage of total count
                 A         B        C        D         E       F
            +---------+---------+-------+---------+---------+-------
      Total |   20605 |    7640 |  27.0 |     297 |      36 |  10.8
            +---------+---------+-------+---------+---------+-------
        D:1 |      26 |       9 |  25.7 |      17 |       6 |  26.1
        D:2 |      46 |      39 |  45.9 |      17 |       1 |   5.6
        D:3 |      75 |       5 |   6.2 |      16 |       1 |   5.9
        D:4 |     693 |     425 |  38.0 |      17 |       4 |  19.0
        D:5 |     468 |       0 |   0.0 |      15 |       0 |   0.0
        D:6 |     629 |     272 |  30.2 |      17 |       1 |   5.6
        D:7 |     872 |     313 |  26.4 |      16 |       2 |  11.1
        D:8 |    3070 |       5 |   0.2 |      37 |       1 |   2.6
        D:9 |    3355 |       0 |   0.0 |      42 |       0 |   0.0
       D:10 |    3827 |    1668 |  30.4 |      55 |       4 |   6.8
       D:11 |    3804 |    4535 |  54.4 |      32 |       9 |  22.0
     Lair:1 |    3740 |     255 |   6.4 |      16 |       1 |   5.9
      Sewer |       0 |     114 | 100.0 |       0 |       6 | 100.0
            +---------+---------+-------+---------+---------+-------
